 Dungeon Crawl Stone Soup version 0.16-a0-262-g6fc725f (console) character file.

116 Kellhus the Ruinous (level 5, 24/31 HPs)
             Began as an Octopode Wizard on Aug 25, 2014.
             Quit the game on Level 3 of the Dungeon.
             The game lasted 00:03:34 (2868 turns).

Kellhus the Ruinous (Octopode Wizard)               Turns: 2868, Time: 00:03:34

HP  24/31        AC  1     Str  6      XL: 5   Next:  0%
MP   4/11        EV 12     Int 21      God:
Gold 94          SH  0     Dex 11      Spells:  1 memorised,  9 levels left

rFire  . . .     SeeInvis .     (no weapon)
rCold  . . .     Clarity  .     (no shield)
rNeg   . . .     rCorr    .     b - +0 hat
rPois  .         rRot     .     (no amulet)
rElec  .         Spirit   .     (no ring)
SustAb .         Warding  .     (no ring)
rMut   .         Stasis   .     (no ring)
Gourm  .                        (no ring)
MR     .....                    (no ring)
                                (no ring)
                                (no ring)
                                (no ring)

@: not resistant to hostile enchantments, fairly stealthy
A: almost no armour, amphibious, 8 rings, constrict 8, camouflage 1, gelatinous
body 1
a: no special abilities


You were on level 3 of the Dungeon.
You were not hungry.

You visited 1 branch of the dungeon, and saw 3 of its levels.

You collected 94 gold pieces.

Inventory:

Armour
 b - a +0 hat (worn)
Comestibles
 d - 3 bread rations
 f - 2 meat rations
 n - a chunk of jackal flesh
Scrolls
 a - 2 scrolls of teleportation {unknown}
 e - a scroll of immolation {unknown}
 g - a scroll of identify {unknown}
 h - a scroll of enchant weapon {unknown}
 i - a scroll of fear {unknown}
 j - a scroll of magic mapping {unknown}
Potions
 k - a potion of haste {unknown}
 l - a potion of degeneration {unknown}
 m - a potion of might {unknown}
Books
 c - a book of Minor Magic

   Spells                             Type                      Level
   *Magic Dart                        Conjuration                  1
   Blink                              Translocation                2
   Call Imp                           Summoning                    2
   Repel Missiles                     Charms/Air                   2
   Slow                               Hexes                        2
   Conjure Flame                      Conjuration/Fire             3
   Mephitic Cloud                     Conjuration/Poison/Air       3


   Skills:
 - Level 2.0 Dodging
 - Level 2.6 Stealth
 - Level 3.0 Spellcasting
 + Level 4.6 Conjurations
   Level 1.0 Summonings
   Level 1.0 Translocations


You had 9 spell levels left.
You knew the following spells:

 Your Spells              Type           Power        Failure   Level  Hunger
a - Magic Dart            Conj           ###.         1%          1    None


Dungeon Overview and Level Annotations

Branches:
Dungeon (3/15)

Altars:
Makhleb
Zin


Innate Abilities, Weirdness & Mutations

You cannot wear most types of armour.
You are amphibious.
You can wear up to eight rings at the same time.
You can use your tentacles to constrict many enemies at once.
Your skin changes colour to match your surroundings (Stealth).
Your rubbery body absorbs attacks (AC +1).


Message History

Casting: Magic Dart
Confirm with . or Enter, or press ? or * to list all spells.
Aiming: Magic Dart
Press: ? - help, Shift-Dir - straight line, f - jackal
Aim: a jackal The magic dart hits the jackal.
The jackal is severely wounded.
The jackal bites you. x2
Casting: Magic Dart
Confirm with . or Enter, or press ? or * to list all spells.
Aiming: Magic Dart
Press: ? - help, Shift-Dir - straight line, f/p - jackal
Aim: a jackal (severely wounded)
The magic dart hits the jackal.
You kill the jackal!
You have reached level 5!
You feel agile.
Casting: Magic Dart
Confirm with . or Enter, or press ? or * to list all spells.
You can't see any susceptible monsters within range! (Use Z to cast anyway.) Are you sure you want to abandon this character and quit the game? (Confirm with "yes".)

#### #..#### #..##.#
#..##.# #####..##.######
.................
###..#########%..........
........@...##..##.####.#
###..#%##...##..##.# #.#
.. +........#.## #.. ...
#...##...#..###.. ##.
#...##...#..).... #
#...##...#.......
#...##......##.#.
#<............... .
.)........#..##...


There were no monsters in sight!

Vanquished Creatures
  3 adders (D:2)
  2 worms
  A giant gecko (D:2)
  2 oozes (D:1)
  2 orcs (D:3)
  4 giant cockroaches
  6 goblins
  12 hobgoblins
  4 jackals (D:3)
  A ball python (D:2)
  9 bats
  4 giant newts
  13 kobolds
  4 rats
67 creatures vanquished.

Notes
Turn   | Place    | Note
--------------------------------------------------------------
     0 | D:1      | Kellhus, the Octopode Wizard, began the quest for the Orb.
     0 | D:1      | Reached XP level 1. HP: 11/11 MP: 4/4
   149 | D:1      | Reached XP level 2. HP: 12/17 MP: 0/6
   831 | D:1      | Reached XP level 3. HP: 18/21 MP: 0/7
  1474 | D:2      | Found a burning altar of Makhleb.
  1479 | D:2      | Found a glowing silver altar of Zin.
  1479 | D:2      | Noticed an angel
  1480 | D:2      | Noticed a green death
  1679 | D:2      | Reached XP level 4. HP: 18/27 MP: 0/9
  2059 | D:2      | Reached skill level 4 in Conjurations
  2866 | D:3      | Reached XP level 5. HP: 24/31 MP: 4/11
  2868 | D:3      | Quit the game

Action                   |  1- 3 |  4- 6 || total
-------------------------+-------+-------++-------
Melee: Unarmed           |    15 |       ||    15
 Cast: Magic Dart        |   104 |    72 ||   176
  Eat: Chunk             |     1 |     5 ||     6
